 Dungeon Crawl Stone Soup version 0.31-a0-1447-g87ca8d402b (webtiles) character file.

Game seed: 7142639883120775277

104 Curundu the Trooper (level 4, 0/29 HPs)
             Began as a Gargoyle Berserker on Dec 28, 2023.
             Was a Believer of Trog.
             Killed from afar by an orc wizard (6 damage)
             ... with a magic dart
             ... on level 3 of the Dungeon.
             The game lasted 00:06:00 (1619 turns).

Curundu the Trooper (Gargoyle Berserker)            Turns: 1619, Time: 00:06:01

Health: 0/29       AC:  5    Str: 23    XL:     4   Next: 80%
Magic:  0/4        EV: 12    Int:  7    God:    Trog [**....]
Gold:   176        SH:  0    Dex:  9    Spells: 3/3 levels left

rFire   . . .        e - +2 dagger (elec)
rCold   . . .        (no shield)
rNeg    + . .        b - +0 animal skin
rPois   ∞            (no helmet)
rElec   +            (no cloak)
rCorr   .            (no gloves)
SInv    .            (no boots)
Will    .....        a - amulet of guardian spirit
Stlth   +            (no ring)
HPRegen 0.24/turn    (no ring)
MPRegen 0.09/turn

%: guardian spirit
@: no status effects
A: sickness immunity, AC +3, negative energy resistance 1, electricity
resistance, torment resistance 1, petrification resistance
a: Renounce Religion, Berserk, Trog's Hand


You were on level 3 of the Dungeon.
You worshipped Trog.
Trog was pleased with you.
You visited 1 branch of the dungeon, and saw 3 of its levels.

You collected 176 gold pieces.

Inventory:

Hand Weapons
 e - a +2 dagger of electrocution (weapon)
Armour
 b - a +0 animal skin (worn)
Jewellery
 a - an amulet of guardian spirit (around neck)
 h - an amulet of faith
Scrolls
 c - a scroll of acquirement {unknown}
 d - 3 scrolls of identify {unknown}
 k - a scroll of blinking {unknown}
 m - a scroll of silence {unknown}
Potions
 f - a potion of haste {unknown}
 g - a potion of brilliance {unknown}
 i - a potion of heal wounds {unknown}
 j - 2 potions of enlightenment {unknown}
 l - a potion of degeneration {unknown}


   Skills:
 + Level 3.8 Fighting
 + Level 1.5 Short Blades
 + Level 3.6 Maces & Flails
 + Level 2.4 Armour
 + Level 2.5 Dodging
 + Level 0.2 Stealth


You had 3 spell levels left.
You didn't know any spells.
Your spell library was empty.

Dungeon Overview and Level Annotations

Branches:
Dungeon (3/15)

Altars:
Cheibriados
Okawaru


Innate Abilities, Weirdness & Mutations

You are immune to sickness and miasma.
Your stone body is resilient. (AC +3)
You are immune to poison.
You resist negative energy. (rN+)
You are resistant to electric shocks. (rElec)
You are resistant to unholy torment.
You are immune to petrification.


Message History

You barely miss the quokka.
The quokka is almost dead.
The quokka barely misses you.
You hit the quokka.
You kill the quokka!
Trog accepts your kill.
You hit the orc. Lightning courses through the orc!
You kill the orc!
Trog accepts your kill.
There is an open door here.
Items here: )) [[.
Okay, then.
Something hits you.
You hit something. Your punch misses something. You miss something.
Something hits you but does no damage.
You barely miss something. Something hits you.
You hit something but do no damage. Something barely misses you.
You hit something but do no damage.
You hear some strange, mumbled words.
Something tries to affect you, but you resist.
You barely miss something. Something hits you.
You hit something.
You hear some strange, mumbled words.
A puff of flame appears from out of thin air!
The puff of flame hits you!
You miss something. Something hits you but does no damage.
You hit something but do no damage. Something hits you.
You hit something but do no damage. Something hits you but does no damage.
You hit something. Something barely misses you.
You hit something but do no damage.
You hear some strange, mumbled words.
A magic dart appears from out of thin air!
The magic dart hits you!
* * * LOW HITPOINT WARNING * * *
You barely miss something. You closely miss something.
You hear some strange, mumbled words.
A magic dart appears from out of thin air!
The magic dart hits you.
You die...

...........#
...........#...
#.o........#...
.>.........r...
#...........#
###+##+##'###.#
########.....#.....#.#
.......#.....#..{..#.#
.......'##'##+##@##'.#
#####..#..#.....#..#.#
.......#..#+###+#..#.#
#####..#..#.....#..#[#
#..+..'.._..+..+.#
#..#..#.....#..#.#
#..#..#'###+#..#.#
#..#..#.....#..#.#
#..+##+##'##'##'.#


There were no monsters in sight!

Vanquished Creatures
  A hound (D:3)
  An adder (D:2)
  2 worms (D:2)
  A dart slug (D:1)
  3 orcs
  7 endoplasms
  A giant cockroach (D:1)
  7 goblins
  5 hobgoblins
  2 quokkas
  3 ball pythons
  2 bats (D:1)
  11 frilled lizards
  3 kobolds
  5 rats
54 creatures vanquished.

Notes
Turn   | Place    | Note
-------+----------+-------------------------------------------
     0 | D:1      | Curundu the Gargoyle Berserker began the quest for the Orb.
     0 | D:1      | Reached XP level 1. HP: 14/14 MP: 1/1
   107 | D:1      | Reached XP level 2. HP: 19/19 MP: 2/2
   326 | D:1      | Reached XP level 3. HP: 23/23 MP: 3/3
   645 | D:1      | Reached ** piety under Trog
   932 | D:2      | HP: 1/24 [worm (6)]
   938 | D:2      | HP: 1/24 [worm (1)]
  1055 | D:2      | Reached XP level 4. HP: 29/29 MP: 4/4
  1109 | D:2      | Found an iron altar of Okawaru.
  1187 | D:2      | Reached skill level 1 in Short Blades
  1541 | D:3      | Found a snail-covered altar of Cheibriados.
  1619 | D:3      | Killed from afar by an orc wizard

Illustrated notes

Levels and vault maps discovered:
D:1:      minmay_arrival_hallway, layout_basic, columned_hall_lemuel,
          minmay_lizard_pond
D:2:      layout_rooms, basic_altar, nrook_mini_vaults, st_stairs_11
D:3:      layout_basic, mainiacjoe_overflow_24_doors, interstate_on_off

Skill      XL: |  1  2  3  4 |
---------------+-------------+-----
Dodging        | 2 |  2.5
Short Blades   | 1 |  1.5
Fighting       | |  3.8
Maces & Flails | |  3.6
Armour         | |  2.4
Stealth        | |  0.2

Action                     |  1- 3 |  4- 6 || total
---------------------------+-------+-------++-------
  Melee: Mace              |    39 |       ||    39
         Dagger            |    97 |    55 ||   152
         Punch             |     2 |       ||     2
 Armour: Animal skin       |    89 |    28 ||   117
  Dodge: Dodged            |    88 |    22 ||   110

Table legend: (Time is in decaauts)
 A = Elapsed time spent in this place.
 B = Non-inter-level travel time spent in this place.
 C = Inter-level travel time spent in this place.
 D = Time resting spent in this place.
 E = Time spent auto-exploring this place.
 F = Levels seen in this place.
 G = Mean time per level.
                   A        B        C        D        E       F      G
               +--------+--------+--------+--------+--------+-----+--------+
         Total |   1623 |   1614 |      9 |     96 |    973 |   3 |  541.0 |
       Dungeon |   1623 |   1614 |      9 |     96 |    973 |   3 |  541.0 |
               +--------+--------+--------+--------+--------+-----+--------+

Top non-repeatable levels by time:
     D:1: 859 daAuts
     D:2: 644 daAuts
     D:3: 118 daAuts
